Match 41976497
Unlisted

Match 41976497
End
Panzergrenadier Squad
Selects Italian Combined Arms Battlegroup
Selects Bersaglieri Squad
Kradschützen Motorcycle Team
Panzergrenadier Squad
Construct Light Support Kompanie
Fire Support Elements
Flakvierling Half-track
Veteran Squad Leaders
Selects Semovente da 75/18 Assault Gun
Vehicle Survival Package
Selects Carro Armato M13/40 Light Tank
Carro Armato M13/40 Light Tank
Selects Pact of Steel
Carro Armato M13/40 Light Tank
Selects Vehicle Support - Secure Location
Selects Vehicle Support - Force Recon
le.IG 18 Mechanized Group
Carro Armato M13/40 Light Tank
Construct Mechanized Kompanie
Panzerpioneer Squad
Emergency Repair Kits
Rapid Advance
Carro Armato M13/40 Light Tank
Ismachu
HeyGuys! I_Guess_That's_it
Not Perfect
STALKER4732
kit.ohume
Devochkin
0
0

Comments sign in to comment!

No comments posted yet!